 Dungeon Crawl Stone Soup version 0.27-a0-1191-g601b473118 (webtiles) character file.

Game seed: 5954424640689739039

537 bande the Shield-Bearer (level 7, -1/44 HPs)
             Began as a Gargoyle Fighter on May 24, 2021.
             Slain by a lemure (3 damage)
             ... led by Pikel
             ... on level 6 of the Dungeon.
             The game lasted 00:07:15 (4774 turns).

bande the Shield-Bearer (Gargoyle Fighter)          Turns: 4774, Time: 00:07:16

Health: -1/44      AC: 12    Str: 20    XL:     7   Next: 25%
Magic:  7/7        EV:  8    Int:  9    God:
Gold:   240        SH:  9    Dex: 10    Spells: 6/6 levels left

rFire    . . .     SeeInvis .   a - +0 war axe
rCold    . . .     Faith    .   c - +0 kite shield
rNeg     + . .     Spirit   .   b - +0 scale mail
rPois    ∞         Reflect  .   (no helmet)
rElec    +         Harm     .   (no cloak)
rCorr    .         Rampage  .   (no gloves)
Will     .....                  (no boots)
Stlth    ..........             (no amulet)
HPRegen  0.14/turn              (no ring)
MPRegen  0.10/turn              (no ring)

@: mighty
A: sickness immunity, AC +4, negative energy resistance 1, electricity
resistance, torment resistance 1, petrification resistance
a: no special abilities


You were on level 6 of the Dungeon.
You visited 1 branch of the dungeon, and saw 5 of its levels.

You collected 240 gold pieces.

Inventory:

Hand Weapons
 a - a +0 war axe (weapon)
 n - a +0 flail
Missiles
 o - a curare-tipped dart (quivered)
Armour
 b - a +0 scale mail (worn)
 c - a +0 kite shield (worn)
Scrolls
 e - a scroll of identify {unknown}
 f - a scroll of fear {unknown}
 h - a scroll of acquirement {unknown}
 i - a scroll of noise {unknown}
 k - 2 scrolls of teleportation {unknown}
 l - a scroll of magic mapping {unknown}
Potions
 d - 2 potions of might
 g - a potion of berserk rage {unknown}
 j - a potion of curing {unknown}
 m - a potion of brilliance {unknown}


   Skills:
 + Level 4.3 Fighting
 + Level 4.6 Axes
 + Level 4.7 Armour
 + Level 1.5 Dodging
 + Level 4.9 Shields


You had 6 spell levels left.
You didn't know any spells.
Your spell library contained the following spells:

 Spells                   Type           Power      Damage    Failure   Level
 Foxfire                  Conj/Fire      0%         2x1d4     99%         1
 Magic Dart               Conj           0%         1d3       99%         1
 Summon Small Mammal      Summ           0%         N/A       99%         1
 Blink                    Tloc           N/A        N/A       99%         2
 Call Imp                 Summ           0%         N/A       99%         2
 Slow                     Hex            0%         N/A       99%         2
 Call Canine Familiar     Summ           0%         N/A       100%        3
 Conjure Flame            Conj/Fire      0%         6-21      100%        3
 Inner Flame              Hex/Fire       0%         N/A       100%        3
 Mephitic Cloud           Conj/Pois/Air  0%         N/A       100%        3
 Summon Guardian Golem    Hex/Summ       0%         N/A       100%        3
 Sticky Flame             Conj/Fire      0%         2d3       100%        4
 Summon Ice Beast         Ice/Summ       0%         N/A       100%        4
 Summon Lightning Spire   Summ/Air       0%         N/A       100%        4
 Fireball                 Conj/Fire      0%         3d3       100%        5


Dungeon Overview and Level Annotations

Branches:
Dungeon (4/15)
 Temple: D:4-7

Altars:
Xom

Annotations:
D:4 3 runed translucent doors, shoop's ghost, amateur DsDe
D:6 Pikel


Innate Abilities, Weirdness & Mutations

You are immune to sickness and miasma.
Your stone body is resilient. (AC +4)
You are immune to poison.
You resist negative energy. (rN+)
You are resistant to electric shocks. (rElec)
You are resistant to unholy torment.
You are immune to petrification.


Message History

You hit the lemure.
The lemure is moderately wounded.
You hit Pikel but do no damage. You closely miss the lemure. x2
You hit the lemure but do no damage. You block the lemure's attack.
The lemure hits you. The lemure hits you but does no damage.
The lemure closely misses you.
Pikel hits you with a +0 whip of freezing.
Pikel freezes you.
The lemure hits you but does no damage. x2
The lemure barely misses you.
You feel very mighty all of a sudden. You block the lemure's attack.
Pikel barely misses you. The lemure closely misses you.
The lemure hits you but does no damage. The lemure barely misses you.
You slash the lemure!
The lemure is heavily wounded.
You hit Pikel but do no damage. You closely miss the lemure.
You hit the lemure.
Your shield and scale mail prevent you from hitting the lemure.
You block the lemure's attack.
Pikel says, "I touched Geryon's horn once."
Pikel hits you with a +0 whip of freezing.
Pikel freezes you. You block the lemure's attack. The lemure barely misses you.
The lemure hits you.
* * * LOW HITPOINT WARNING * * *
The lemure barely misses you.
You closely miss the lemure.
The lemure is heavily wounded.
You slash the lemure! You hit the lemure. You slash the lemure! You hit Pikel.
The shadow imp shouts, "Quit, thou pox-marked dizzy-eyed toady!"
Pikel says, "You'll feel the lick of my whip!"
Pikel hits you with a +0 whip of freezing.
* * * LOW HITPOINT WARNING * * *
Pikel freezes you.
* * * LOW HITPOINT WARNING * * *
You block the lemure's attack. x2; The lemure hits you.
* * * LOW HITPOINT WARNING * * *
The lemure hits you.
* * * LOW HITPOINT WARNING * * *
Pikel hits you but does no damage. The lemure hits you.
You die...

..###. #.
.....# .###.
....#
.....####....#
..........#
...5....#
#K55...#
#5@5..##
#......#
#.....##
.......#
........##
#........#
#........##
.#####...#
##...


You could see Pikel, 4 lemures and a shadow imp.

Vanquished Creatures
  3 kobold brigands
  A howler monkey skeleton (D:2)
  4 adders
  17 gnolls
  A worm (D:2)
  5 dart slugs
  4 ball pythons
  4 bats
  5 endoplasms
  3 giant cockroaches
  7 goblins
  9 hobgoblins
  4 jackals (D:2)
  4 quokkas
  4 frilled lizards
  42 kobolds
  3 rats (D:2)
120 creatures vanquished.

Notes
Turn   | Place    | Note
-------+----------+-------------------------------------------
     0 | D:1      | bande the Gargoyle Fighter began the quest for the Orb.
     0 | D:1      | Reached XP level 1. HP: 14/14 MP: 1/1
    89 | D:1      | Reached XP level 2. HP: 19/19 MP: 2/2
   561 | D:1      | Reached XP level 3. HP: 24/24 MP: 3/3
  1494 | D:2      | Reached XP level 4. HP: 24/29 MP: 4/4
  1815 | D:2      | Found a shimmering altar of Xom.
  2113 | D:3      | Reached XP level 5. HP: 30/33 MP: 5/5
  2191 | D:3      | Noticed a kobold brigand
  2281 | D:2      | Killed a kobold brigand
  2282 | D:2      | Reached skill level 1 in Dodging
  2633 | D:3      | Reached XP level 6. HP: 33/38 MP: 6/6
  4040 | D:2      | Reached XP level 7. HP: 37/43 MP: 7/7
  4756 | D:4      | Found a runed translucent gate.
  4756 | D:4      | Found a runed translucent gate.
  4756 | D:4      | Found a runed translucent gate.
  4759 | D:4      | Noticed shoop's ghost (amateur DsDe)
  4759 | D:4      | Identified the +10 dagger of Defiance {protect, Drain rF+
                  | rC+ Int+2}
  4759 | D:4      | Identified the +0 scale mail "Tedeomal" {rCorr}
  4761 | D:4      | You fall into a shaft and drop 2 floors!
  4761 | D:6      | Noticed Pikel
  4774 | D:6      | HP: 2/44 [lemure[Pikel] (3)]
  4774 | D:6      | Slain by a lemure

Illustrated notes

Levels and vault maps discovered:
D:1:      minmay_arrival_semitransparent, layout_basic, minmay_cut_off
D:2:      layout_basic, basic_altar
D:3:      minmay_goblin_kobold_castle, layout_rooms
D:4:      layout_loops_ring, minmay_temple_entry_sparse_star,
          biasface_ghost_orc_armoury
D:6:      layout_layer_cave, serial_shops, shop, grunt_ministairs_11, uniq_pikel

Skill      XL: |  1  2  3  4  5  6 |
---------------+-------------------+-----
Axes           | 2 3 4 |  4.6
Armour         | 4 |  4.7
Dodging        | 1 |  1.5
Shields        | 4 |  4.9
Fighting       | 4 |  4.3

Action                   |  1- 3 |  4- 6 |  7- 9 || total
-------------------------+-------+-------+-------++-------
Melee: War axe           |   122 |   214 |    68 ||   404
  Use: Potion            |       |       |     1 ||     1
Armor: Scale mail        |    66 |   135 |    45 ||   246
Dodge: Dodged            |    36 |    82 |    28 ||   146
Block: Kite shield       |    73 |   151 |    39 ||   263

Table legend: (Time is in decaauts)
 A = Elapsed time spent in this place.
 B = Non-inter-level travel time spent in this place.
 C = Inter-level travel time spent in this place.
 D = Time resting spent in this place.
 E = Time spent auto-exploring this place.
 F = Levels seen in this place.
 G = Mean time per level.
                   A        B        C        D        E       F      G
               +--------+--------+--------+--------+--------+-----+--------+
         Total |   5020 |   4959 |     61 |   1428 |   2271 |   5 | 1004.0 |
       Dungeon |   5020 |   4959 |     61 |   1428 |   2271 |   5 | 1004.0 |
               +--------+--------+--------+--------+--------+-----+--------+

Top non-repeatable levels by time:
     D:3: 1877 daAuts
     D:2: 1695 daAuts
     D:1: 1402 daAuts
     D:4: 27 daAuts
     D:6: 17 daAuts
